 Dungeon Crawl Stone Soup version 0.30-a0-738-g116ff8c4af (webtiles) character file.

Game seed: 8678058929042646794

94 NinjaNoafa the Shield-Bearer (level 4, -3/55 HPs)
             Began as a Merfolk Fighter on Feb 3, 2023.
             Slain by a hornet (8 damage)
             ... while paralysed by a hornet
             ... on level 3 of the Dungeon.
             The game lasted 00:04:04 (2243 turns).

NinjaNoafa the Shield-Bearer (Merfolk Fighter)      Turns: 2243, Time: 00:04:05

Health: -3/55      AC:  7    Str: 16    XL:     4   Next: 63%
Magic:  4/4        EV:  2    Int: 19    God:
Gold:   196        SH:  0    Dex: 15    Spells: 3/3 levels left

rFire   . . .      SeeInvis .    a - +0 rapier
rCold   . . .      Faith    .    c - +0 buckler
rNeg    . . .      Spirit   .    j - +0 leather armour
rPois   .          Reflect  .    l - +0 helmet
rElec   .          Harm     .    i - +0 cloak
rCorr   .          Rampage  .    B - +0 pair of gloves
Will    .....                    h - +0 pair of boots Stlth
                                 (no amulet)
HPRegen 0.29/turn                o - +6 ring of intelligence
MPRegen 0.09/turn                p - +6 ring of intelligence

@: paralysed, berserking (expiring), lethally poisoned (-3 -> -4)
A: (nimble swimmer 2), mertail
a: no special abilities


You were on level 3 of the Dungeon.
You visited 1 branch of the dungeon, and saw 4 of its levels.

You collected 196 gold pieces.

Inventory:

Hand Weapons
 a - a +0 rapier (weapon)
Missiles
 A - 4 poisoned darts (quivered)
Armour
 c - a +0 buckler (worn)
 h - a +0 pair of boots (worn)
 i - a +0 cloak (worn)
 j - a +0 leather armour (worn)
 l - a +0 helmet (worn)
 B - a +0 pair of gloves (worn)
Jewellery
 o - a +6 ring of intelligence (left hand)
 p - a +6 ring of intelligence (right hand)
Wands
 d - a wand of flame (12)
Scrolls
 e - 2 scrolls of vulnerability {unknown}
 g - a scroll of poison {unknown}
 k - a scroll of fear {unknown}
 m - 3 scrolls of identify {unknown}
 n - 2 scrolls of noise {unknown}
 s - a scroll of torment {unknown}
 t - a scroll of magic mapping {unknown}
 u - a scroll of teleportation {unknown}
 x - a scroll of amnesia {unknown}
 y - a scroll of silence {unknown}
 C - a scroll of blinking {unknown}
Potions
 b - a potion of resistance {unknown}
 f - a potion of berserk rage
 q - 3 potions of curing {unknown}
 r - a potion of heal wounds {unknown}
 v - a potion of cancellation {unknown}
 w - a potion of flight {unknown}
 z - 2 potions of magic {unknown}


   Skills:
 - Level 3.6 Fighting
 - Level 3.1 Short Blades
 - Level 2.1 Armour
 - Level 3.0 Dodging
 - Level 4.0 Shields
 + Level 0.0 Spellcasting
 + Level 0.0 Conjurations
 + Level 0.0 Air Magic
 + Level 0.0 Poison Magic


You had 3 spell levels left.
You didn't know any spells.
Your spell library contained the following spells:

 Spells                   Type           Power      Damage    Failure   Level
 Magic Dart               Conj           0%         1d3       32%         1
 Call Imp                 Summ           0%         N/A       45%         2
 Mephitic Cloud           Conj/Pois/Air  0%         N/A       69%         3


Dungeon Overview and Level Annotations

Branches:
Dungeon (4/15)
 Temple: D:4-7

Altars:
Fedhas
Qazlal
Wu Jian

Shops:
D:1 =


Innate Abilities, Weirdness & Mutations

((You are very nimble when in or above water. (Stealth+, EV+, Speed+++)))
Your lower body shifts to a powerful aquatic tail in water.


Message History

The hornet stings you!
You feel yourself slow down. The hornet closely misses you.
A red film seems to cover your vision as you go berserk!
You feel yourself moving faster!
You feel mighty!
You feel yourself speed up. You block the hornet's attack.
The hornet stings you!
You are poisoned.
You feel yourself slow down.
You completely miss the hornet.
The hornet is lightly wounded.
You feel yourself speed up.
You feel very sick. The hornet misses you.
The hornet stings you but does no damage.
You hit the hornet.
The hornet is lightly wounded.
You feel sick. The hornet stings you!
* * * LOW HITPOINT WARNING * * *
You feel yourself slow down.
You hit the hornet.
The hornet is moderately wounded.
You feel yourself speed up.
You feel sick. The hornet closely misses you. The hornet stings you.
* * * LOW HITPOINT WARNING * * *
You feel yourself slow down.
You are too berserk!
You closely miss the hornet.
The hornet is moderately wounded.
You feel sick. The hornet misses you.
You barely miss the hornet.
The hornet is moderately wounded.
You feel yourself speed up.
You feel sick. The hornet stings you.
* * * LOW HITPOINT WARNING * * *
You suddenly lose the ability to move!
The hornet stings you but does no damage.
You feel sick.
The hornet stings you but does no damage.
You feel sick. The hornet stings you!
You die...

#.#...#ยง#.####.#
#...#..## ......#####
#.# #.####..#
..####.#.# #.####.#
##.##### #..###...###
#......# #.....#
##....#....###.##.###
#####.##
#####...##...#.##.#
#..#
##..)...####.#.##.#
##.# #.)####.#
#..)##y## ###.# #.##
#.####..))@..# ##...#
#)# #......####..##
#..### #.#####..#####
#...#### #.##
#.##.....# #......#
##.# .....###.#
#......# #..# .#####
#.# #......# #.## .#
#.### ######## #.# ##
#...# ##.# # ###.###
#######..#####


You could see a hornet.

Vanquished Creatures
  Robin (D:3)
  2 adders (D:2)
  A worm (D:2)
  4 bats
  4 endoplasms
  A giant cockroach (D:2)
  8 hobgoblins
  2 jackals (D:3)
  6 kobolds
  5 quokkas
  4 ball pythons
  2 frilled lizards (D:1)
  12 goblins
  4 rats (D:1)
56 creatures vanquished.

Vanquished Creatures (others)
  3 fungi (D:3)
  3 plants (D:3)
6 creatures vanquished.

Grand Total: 62 creatures vanquished

Notes
Turn   | Place    | Note
-------+----------+-------------------------------------------
     0 | D:1      | NinjaNoafa the Merfolk Fighter began the quest for the Orb.
     0 | D:1      | Reached XP level 1. HP: 18/18 MP: 1/1
    90 | D:1      | Reached skill level 1 in Dodging
    90 | D:1      | Reached XP level 2. HP: 18/24 MP: 2/2
   436 | D:1      | Found Vigycul's Jewellery Shoppe.
   822 | D:2      | Reached XP level 3. HP: 27/30 MP: 3/3
  1268 | D:2      | Reached XP level 4. HP: 23/37 MP: 4/4
  1642 | D:3      | Noticed Robin
  1666 | D:3      | Killed Robin
  1809 | D:3      | Found a blossoming altar of Fedhas.
  1811 | D:3      | Found a stormy altar of Qazlal.
  1839 | D:3      | Reached skill level 4 in Shields
  2159 | D:3      | Found an ornate altar of the Wu Jian Council.
  2232 | D:4      | Noticed a hornet
  2241 | D:3      | Paralysed by a hornet for 3 turns
  2243 | D:3      | Slain by a hornet

Illustrated notes

Levels and vault maps discovered:
D:1:      minmay_arrival_solitary_statue, layout_loops_ring, serial_shops,
          shop_statue
D:2:      layout_loops_ring, kennysheep_generic_room_12
D:3:      layout_rooms, grunt_temple_overflow_forces_of_nature,
          pdpol_wu_jian_five_deadly_venoms, uniq_robin
D:4:      layout_cave_pools, riverfiend_overflow_shadow_ancestor, zin_statuary,
          minmay_temple_entry_statues_fountains, uniq_duvessa, uniq_edmund

Skill      XL: |  1  2  3  4 |
---------------+-------------+-----
Dodging        | 1 2 3 |  3.0
Short Blades   | 3 |  3.1
Shields        | 4 |  4.0
Fighting       | |  3.6
Armour         | |  2.1

Action                     |  1- 3 |  4- 6 || total
---------------------------+-------+-------++-------
  Melee: Rapier            |   156 |    72 ||   228
  Evoke: Wand              |       |     1 ||     1
    Use: Potion            |       |     2 ||     2
   Stab: Sleeping          |     2 |     1 ||     3
 Armour: Scale mail        |    27 |       ||    27
         Leather armour    |    37 |    22 ||    59
  Dodge: Dodged            |    80 |    48 ||   128
  Block: Buckler           |    38 |    18 ||    56

Table legend: (Time is in decaauts)
 A = Elapsed time spent in this place.
 B = Non-inter-level travel time spent in this place.
 C = Inter-level travel time spent in this place.
 D = Time resting spent in this place.
 E = Time spent auto-exploring this place.
 F = Levels seen in this place.
 G = Mean time per level.
                   A        B        C        D        E       F      G
               +--------+--------+--------+--------+--------+-----+--------+
         Total |   2263 |   2115 |    148 |      0 |   1593 |   4 |  565.8 |
       Dungeon |   2263 |   2115 |    148 |      0 |   1593 |   4 |  565.8 |
               +--------+--------+--------+--------+--------+-----+--------+

Top non-repeatable levels by time:
     D:2: 775 daAuts
     D:3: 748 daAuts
     D:1: 738 daAuts
     D:4: 1 daAuts
